 Seeded DCSS version 0.30-a0-377-g5cb311bc9f (webtiles) character file.

Game seed: 20221132 (custom seed)

19 McGhostyFace the Vexing (level 2, 0/26 HPs)
             Began as a Gnoll Wanderer on Nov 30, 2022.
             Was a Follower of Zin.
             Slain by a giant cockroach (2 damage)
             ... on level 2 of the Dungeon.
             The game lasted 00:02:36 (1023 turns).

McGhostyFace the Vexing (Gnoll Wanderer)            Turns: 1023, Time: 00:02:36

Health: 0/26       AC:  3    Str: 11    XL:     2   Next: 75%
Magic:  5/5        EV: 11    Int: 13    God:    Zin [*.....]
Gold:   45         SH:  0    Dex:  9    Spells: 5/6 levels left

rFire   . . .      SeeInvis .    a - +1 falchion
rCold   . . .      Faith    .    (no shield)
rNeg    . . .      Spirit   .    h - +0 leather armour
rPois   .          Reflect  .    (no helmet)
rElec   .          Harm     .    (no cloak)
rCorr   .          Rampage  .    (no gloves)
Will    .....                    (no boots)
Stlth   ++........               (no amulet)
HPRegen 0.24/turn                d - ring of wizardry
MPRegen 0.09/turn                (no ring)

@: no status effects
A: fangs 1, strong nose, distributed training
a: Renounce Religion, Recite, Donate Gold


You were on level 2 of the Dungeon.
You worshipped Zin.
Zin was aware of your devotion.
You visited 1 branch of the dungeon, and saw 2 of its levels.

You collected 50 gold pieces.
You donated 5 gold pieces to Zin.

Inventory:

Hand Weapons
 a - a +1 falchion (weapon)
Missiles
 m - 6 poisoned darts
Armour
 h - a +0 leather armour (worn)
Jewellery
 d - a ring of wizardry (left hand)
 l - a +4 ring of protection
Scrolls
 c - a scroll of magic mapping {unknown}
 e - 3 scrolls of identify {unknown}
 f - a scroll of torment {unknown}
 g - a scroll of poison {unknown}
 j - a scroll of vulnerability {unknown}
Potions
 b - 2 potions of attraction
 i - a potion of flight {unknown}
 k - a potion of mutation {unknown}
 n - a potion of berserk rage {unknown}


   Skills:
 + Level 4.5 Fighting
 + Level 0.5 Short Blades
 + Level 2.5 Long Blades
 + Level 0.5 Axes
 + Level 0.5 Maces & Flails
 + Level 0.5 Polearms
 + Level 0.5 Staves
 + Level 0.5 Ranged Weapons
 + Level 0.5 Throwing
 + Level 2.5 Armour
 + Level 2.5 Dodging
 + Level 2.3 Stealth
 + Level 0.5 Shields
 + Level 0.5 Unarmed Combat
 + Level 2.7 Spellcasting
 + Level 0.4 Conjurations
 + Level 5.4 Hexes
 + Level 0.4 Summonings
 + Level 0.4 Necromancy
 + Level 0.4 Translocations
 + Level 0.4 Transmutations
 + Level 0.4 Fire Magic
 + Level 0.4 Ice Magic
 + Level 0.4 Air Magic
 + Level 0.4 Earth Magic
 + Level 0.4 Poison Magic
 + Level 0.7 Invocations
 + Level 0.5 Evocations


You had 5 spell levels left.
You knew the following spells:

 Your Spells              Type           Power      Damage    Failure   Level
a - Slow                  Hex            60%        N/A       1%          1

Your spell library contained the following spells:

 Spells                   Type           Power      Damage    Failure   Level
 Dazzling Flash           Conj/Hex       18%        N/A       12%         3
 Inner Flame              Hex/Fire       9%         N/A       12%         3


Dungeon Overview and Level Annotations

Branches:
Dungeon (2/15)

Altars:
Kikubaaqudgha
Zin


Innate Abilities, Weirdness & Mutations

You have very sharp teeth.
Your uncanny sense of smell can sniff out nearby items.
Your experience applies equally to all skills.


Message History

The hobgoblin completely misses you.
You hit the hobgoblin.
You kill the hobgoblin!
You pay a tithe of 1 gold.
You now have 45 gold pieces (gained 9).
A hobgoblin comes into view. It is wielding a +0 short sword.
The hobgoblin shouts!
You see here a frilled lizard corpse.
There is an open door here.
A giant cockroach comes into view.
You hit the hobgoblin but do no damage.
The hobgoblin hits you with a +0 short sword.
You barely miss the hobgoblin.
The hobgoblin hits you with a +0 short sword.
* * * LOW HITPOINT WARNING * * *
You barely miss the hobgoblin.
The hobgoblin hits you with a +0 short sword.
* * * LOW HITPOINT WARNING * * *
You barely miss the hobgoblin. The hobgoblin closely misses you.
The giant cockroach barely misses you.
You hit the hobgoblin but do no damage. The hobgoblin misses you.
The giant cockroach bites you but does no damage.
The hobgoblin hits you with a +0 short sword.
* * * LOW HITPOINT WARNING * * *
You completely miss the hobgoblin. Your bite misses the hobgoblin.
The giant cockroach closely misses you.
The giant cockroach bites you but does no damage.
The hobgoblin hits you with a +0 short sword.
* * * LOW HITPOINT WARNING * * *
There is an open door here.
The giant cockroach attacks as you move away!
The giant cockroach bites you but does no damage.
You hit the giant cockroach.
The giant cockroach is severely wounded.
The giant cockroach bites you.
* * * LOW HITPOINT WARNING * * *
The giant cockroach bites you but does no damage.
You closely miss the giant cockroach.
The giant cockroach is severely wounded.
The giant cockroach bites you.
You die...

#.# #......# #.###
#.#####......# ..#..
#####....##......# #####.#..
#............##### #......#
#............# #......###
#.....)......#######.........
#............##.....†........
#............##..............
#...........@Bg..............
#............##.............#
#............##.............#
#............##.............#
###############.............#
#...........).#
#............. ##.###########
#.#


You could see a giant cockroach and a hobgoblin.

Vanquished Creatures
  An endoplasm (D:1)
  4 goblins (D:1)
  2 hobgoblins
  A quokka (D:1)
  3 ball pythons (D:2)
  3 bats (D:1)
  2 frilled lizards (D:2)
  A kobold (D:2)
  3 rats
20 creatures vanquished.

Vanquished Creatures (others)
  A withered plant (D:2)
1 creature vanquished.

Grand Total: 21 creatures vanquished

Notes
Turn   | Place    | Note
-------+----------+-------------------------------------------
     0 | D:1      | McGhostyFace the Gnoll Wanderer began the quest for the
                  | Orb.
     0 | D:1      | McGhostyFace set off with the following items: a +1
                  | falchion, a potion of attraction, a +0 robe; and the
                  | following spell memorised: Slow; and the following spells
                  | available to memorise: Dazzling Flash, Inner Flame.
     0 | D:1      | Reached XP level 1. HP: 20/20 MP: 4/4
   258 | D:1      | Reached XP level 2. HP: 14/26 MP: 1/5
   804 | D:2      | Found an ancient bone altar of Kikubaaqudgha.
   813 | D:2      | Found a faded altar of an unknown god.
   829 | D:2      | Prayed at the altar of an unknown god.
   829 | D:2      | Became a worshipper of Zin the Law-Giver
   829 | D:2      | Reached * piety under Zin
  1023 | D:2      | Slain by a giant cockroach

Illustrated notes

Levels and vault maps discovered:
D:1:      nagdon_arrival_double_spiral, layout_basic, minmay_pentomino_r4
D:2:      layout_basic, basic_altar, ebering_ecumenical_altar_petrified,
          minmay_distorted, uniq_jessica

Action                   || total
-------------------------++-------
Melee: Falchion          ||    71
       Bite              ||     3
 Cast: Slow              ||     4
 Stab: Sleeping          ||     1
Armor: Robe              ||     3
       Leather armour    ||    13
Dodge: Dodged            ||    54

Table legend: (Time is in decaauts)
 A = Elapsed time spent in this place.
 B = Non-inter-level travel time spent in this place.
 C = Inter-level travel time spent in this place.
 D = Time resting spent in this place.
 E = Time spent auto-exploring this place.
 F = Levels seen in this place.
 G = Mean time per level.
                   A        B        C        D        E       F      G
               +--------+--------+--------+--------+--------+-----+--------+
         Total |   1034 |    918 |    116 |     48 |    647 |   2 |  517.0 |
       Dungeon |   1034 |    918 |    116 |     48 |    647 |   2 |  517.0 |
               +--------+--------+--------+--------+--------+-----+--------+

Top non-repeatable levels by time:
     D:1: 803 daAuts
     D:2: 231 daAuts
